 Dungeon Crawl Stone Soup version 0.32-a0-872-g59262bdc9b (webtiles) character file.

Game seed: 11764117441589823236

180 Biggs the Shooter (level 5, -6/38 HPs)
             Began as a Coglin Hunter on Mar 30, 2024.
             Mangled by a black bear (8 damage)
             ... on level 4 of the Dungeon.
             The game lasted 00:04:46 (2363 turns).

Biggs the Shooter (Coglin Hunter)                   Turns: 2363, Time: 00:04:47

Health: -6/38      AC:  4    Str: 12    XL:     5   Next: 60%
Magic:  5/5        EV: 11    Int:  8    God:
Gold:   152        SH:  0    Dex: 19    Spells: 4/4 levels left

rFire   . . .        a - +2 sling {Ingrid}
rCold   . . .        d - +0 sling {Somchai}
rNeg    . . .        c - +0 leather armour
rPois   .            p - +0 helmet
rElec   .            (no cloak)
rCorr   .            (no gloves)
SInv    .            (no boots)
Will    .....        (amulet unavailable)
Stlth   ++           (ring unavailable)
HPRegen 0.26/turn    (ring unavailable)
MPRegen 0.09/turn    (no gizmo)

%: no passive effects
@: revved
A: off-hand wielding, slow wielding, warmup strikes, no jewellery
a: Invent Gizmo


You were on level 4 of the Dungeon.
You visited 1 branch of the dungeon, and saw 4 of its levels.

You collected 152 gold pieces.

Inventory:

Hand Weapons
 a - a +2 sling (weapon) {Ingrid}
 d - a +0 sling (offhand) {Somchai}
Armour
 c - a +0 leather armour (worn)
 p - a +0 helmet (worn)
Wands
 s - a wand of polymorph (6)
 t - a wand of warping (4)
Scrolls
 b - a scroll of butterflies
 e - a scroll of blinking {unknown}
 g - 2 scrolls of immolation {unknown}
 h - a scroll of summoning {unknown}
 i - 3 scrolls of identify {unknown}
 j - a scroll of poison {unknown}
 k - 2 scrolls of teleportation {unknown}
 m - a scroll of noise {unknown}
Potions
 f - a potion of brilliance {unknown}
 l - 2 potions of heal wounds {unknown}
 n - a potion of lignification {unknown}
 o - 2 potions of curing {unknown}
 q - 2 potions of resistance {unknown}
 r - a potion of magic {unknown}


   Skills:
 - Level 2.0 Fighting
 + Level 6.1 Ranged Weapons
 - Level 1.7 Dodging
 - Level 0.7 Stealth


You had 4 spell levels left.
You didn't know any spells.
Your spell library contained the following spells:

 Spells                   Type           Power      Damage    Failure   Level
 Foxfire                  Conj/Fire      0%         2x1d4     50%         1
 Magic Dart               Conj           0%         1d3       50%         1
 Searing Ray              Conj           0%         2d4       63%         2
 Fulminant Prism          Conj/Alch      0%         3d5       99%         4
 Plasma Beam              Fire/Air       0%         2x1d10    100%        6
 Starburst                Conj/Fire      0%         6d3       100%        6


Dungeon Overview and Level Annotations

Branches:
Dungeon (4/15)
 Temple: D:4-7

Altars:


Innate Abilities, Weirdness & Mutations

You can wield a second weapon in your off-hand.
It takes a long time for you to wield or remove held weapons.
Your first few attacks do less damage.
You cannot equip rings or amulets.


Message History

The black bear is moderately wounded.
You shoot a sling bullet. The sling bullet hits the black bear.
The black bear is moderately wounded.
The black bear bites you. The black bear barely misses you.
The black bear claws you but does no damage.
Unknown command.
Unknown command.
You shoot a sling bullet. The sling bullet hits the black bear.
The black bear is heavily wounded.
You shoot a sling bullet.
The sling bullet hits the black bear but does no damage.
The black bear is heavily wounded.
The black bear bites you.
The black bear claws you but does no damage.
The black bear claws you.
You shoot a sling bullet. The sling bullet hits the black bear!
The black bear is severely wounded.
You shoot a sling bullet. The sling bullet hits the black bear.
The black bear is severely wounded.
The black bear bites you. The black bear claws you. x2
Unknown command.
You shoot a sling bullet. The sling bullet hits the black bear.
The black bear is almost dead.
You shoot a sling bullet.
The sling bullet hits the black bear but does no damage.
The black bear is almost dead.
The black bear goes berserk!
Unknown command.
You shoot a sling bullet.
The sling bullet barely misses the black bear.
You shoot a sling bullet. The sling bullet hits the black bear!
The black bear is almost dead.
The black bear bites you!
* * * LOW HITPOINT WARNING * * *
The black bear claws you.
* * * LOW HITPOINT WARNING * * *
The black bear claws you.
* * * LOW HITPOINT WARNING * * *
The black bear bites you!
You die...

#### ...#
#..# #..#
#..# ..#
#.# .#
#<###...##
#.@.......
##h....)..
.....$...
#.......##
..#.#...#
##. ....##
.. #....#
## .....


You could see a black bear (berserk).

Vanquished Creatures
  An ice beast (D:3)
  2 adders
  A dart slug (D:2)
  A ribbon worm (D:3)
  6 endoplasms
  4 goblins
  12 hobgoblins
  2 quokkas (D:3)
  5 ball pythons
  15 bats
  A frilled lizard (D:1)
  3 kobolds
  5 rats
58 creatures vanquished.

Notes
Turn   | Place    | Note
-------+----------+-------------------------------------------
     0 | D:1      | Biggs the Coglin Hunter began the quest for the Orb.
     0 | D:1      | Reached XP level 1. HP: 16/16 MP: 1/1
   102 | D:1      | Reached skill level 4 in Ranged Weapons
   102 | D:1      | Reached XP level 2. HP: 22/22 MP: 2/2
   929 | D:2      | Reached XP level 3. HP: 27/27 MP: 3/3
  1424 | D:3      | Reached skill level 5 in Ranged Weapons
  1424 | D:3      | Reached XP level 4. HP: 33/33 MP: 4/4
  1721 | D:3      | Noticed an ice beast
  1728 | D:3      | Killed an ice beast
  1729 | D:3      | Reached skill level 6 in Ranged Weapons
  1729 | D:3      | Reached XP level 5. HP: 14/38 MP: 5/5
  2357 | D:4      | Noticed a black bear
  2363 | D:4      | Mangled by a black bear

Illustrated notes

Levels and vault maps discovered:
D:1:      evilmike_arrival_hilbert_curve, layout_loops_ring
D:2:      layout_loops_cross
D:3:      layout_loops_corners, grunt_decor_fettered, roderic_batcave
D:4:      layout_loops_ring, lemuel_crystal_altar

Skill      XL: |  1  2  3  4 |
---------------+-------------+-----
Ranged Weapons | 4 5 6 |  6.1
Fighting       | |  2.0
Dodging        | |  1.7
Stealth        | |  0.7

Action                     |  1- 3 |  4- 6 || total
---------------------------+-------+-------++-------
   Fire: Sling             |   130 |    96 ||   226
 Armour: Leather armour    |     6 |    23 ||    29
  Dodge: Dodged            |     8 |    13 ||    21

Table legend: (Time is in decaauts)
 A = Elapsed time spent in this place.
 B = Non-inter-level travel time spent in this place.
 C = Inter-level travel time spent in this place.
 D = Time resting spent in this place.
 E = Time spent auto-exploring this place.
 F = Levels seen in this place.
 G = Mean time per level.
                   A        B        C        D        E       F      G
               +--------+--------+--------+--------+--------+-----+--------+
         Total |   2385 |   2314 |     71 |      0 |   2059 |   4 |  596.2 |
       Dungeon |   2385 |   2314 |     71 |      0 |   2059 |   4 |  596.2 |
               +--------+--------+--------+--------+--------+-----+--------+

Top non-repeatable levels by time:
     D:3: 964 daAuts
     D:1: 847 daAuts
     D:2: 564 daAuts
     D:4: 8 daAuts
